 Dungeon Crawl Stone Soup version 0.20.0 (webtiles) character file.

258 Llamajah the Covered (level 6, -1/48 HPs)
             Began as a Formicid Fighter on June 16, 2017.
             Was an Initiate of Okawaru.
             Slain by a centaur (7 damage)
             ... on level 4 of the Dungeon.
             The game lasted 00:09:12 (3563 turns).

Llamajah the Covered (Formicid Fighter)             Turns: 3563, Time: 00:09:13

Health: -1/48      AC: 12    Str: 21    XL:     6   Next: 40%
Magic:  6/6        EV:  7    Int:  8    God:    Okawaru [......]
Gold:   173        SH: 10    Dex: 11    Spells: 5/5 levels left

rFire    . . .     SeeInvis +   a - +0 war axe
rCold    . . .     Gourm    .   c - +0 shield
rNeg     . . .     Faith    .   p - +0 chain mail
rPois    .         Spirit   .   (helmet unavailable)
rElec    .         Reflect  .   (no cloak)
rCorr    .         Harm     .   k - +0 pair of gloves
MR       .....                  g - +0 pair of boots
Stlth    ..........             (no amulet)
Regen    0.2/turn               (no ring)
MPRegen  0.1/turn               (no ring)

@: no status effects
A: permanent stasis, dig shafts and tunnels, four strong arms, antennae 3
a: Dig, Shaft Self, Renounce Religion


You were on level 4 of the Dungeon.
You worshipped Okawaru.
Okawaru was noncommittal.
You were not hungry.

You visited 1 branch of the dungeon, and saw 4 of its levels.

You collected 173 gold pieces.

Inventory:

Hand Weapons
 a - a +0 war axe (weapon)
Armour
 c - a +0 shield (worn)
 g - a +0 pair of boots (worn)
 k - a +0 pair of gloves (worn)
 p - a +0 chain mail (worn)
 w - a cursed +0 ring mail
Wands
 d - a wand of paralysis (18/24)
Scrolls
 b - a scroll of noise {unknown}
 e - 2 scrolls of identify {unknown}
 l - 2 scrolls of remove curse {unknown}
 o - 2 scrolls of fog {unknown}
 r - 4 scrolls of enchant armour {unknown}
 s - 2 scrolls of teleportation {unknown}
 u - a scroll of enchant weapon {unknown}
Potions
 i - a potion of heal wounds {unknown}
 m - 2 potions of brilliance {unknown}
 n - a potion of curing {unknown}
 t - a potion of berserk rage {unknown}
Comestibles
 f - a bread ration
 h - a royal jelly
 j - 7 chunks of flesh
 q - 2 fruits
 v - a meat ration


   Skills:
 + Level 3.9 Fighting
 + Level 2.8 Axes
 + Level 4.9 Armour
 * Level 2.4 Dodging
 + Level 4.8 Shields


You had 5 spell levels left.
You didn't know any spells.

Dungeon Overview and Level Annotations

Branches:
Dungeon (4/15)
 Temple: D:4-7

Altars:
Ashenzari
Elyvilon
Kikubaaqudgha
Okawaru
Trog
Xom

Annotations:
D:4 zilverxoul's ghost, amateur HOFi


Innate Abilities, Weirdness & Mutations

You cannot be hasted, slowed, berserked, paralysed or teleported.
You can dig through walls and to a lower floor.
Your four strong arms can wield two-handed weapons with a shield.
You have a pair of large antennae on your head. (SInv)


Message History

The centaur is moderately wounded.
You block the centaur's attack. The centaur barely misses you.
You barely miss the centaur.
The centaur is moderately wounded.
The centaur hits you!
* * * LOW HITPOINT WARNING * * *
The centaur hits you but does no damage.
You hit the centaur but do no damage.
The centaur is moderately wounded.
The centaur barely misses you. You block the centaur's attack.
You slash the centaur!
The centaur is severely wounded.
The centaur hits you but does no damage.
You block the centaur's attack.
You barely miss the centaur.
The centaur is severely wounded.
The centaur hits you.
* * * LOW HITPOINT WARNING * * *
The centaur hits you!
You die...

###### #....##########
#....#........#
#....#..c.....#
#....+...@....# .#
#....#...(....#
..#####....#...(....#{
#..........#...(....#
#..........#...(....#
#..........#...(##..#
#..........#....##..#
##..........#........#
............#........#


You could see a centaur.

Vanquished Creatures
  An orc wizard (D:4)
  2 orc priests
  5 adders (D:3)
  4 gnolls (D:4)
  A worm (D:3)
  A dart slug (D:1)
  3 leopard geckos
  7 orcs
  6 bats
  A giant cockroach (D:2)
  10 goblins
  6 hobgoblins
  9 jackals
  4 kobolds
  A quokka (D:3)
  4 ball pythons
  3 frilled lizards
  7 rats
75 creatures vanquished.

Notes
Turn   | Place    | Note
-------+----------+-------------------------------------------
     0 | D:1      | Llamajah the Formicid Fighter began the quest for the Orb.
     0 | D:1      | Reached XP level 1. HP: 18/18 MP: 1/1
    89 | D:1      | Reached XP level 2. HP: 20/24 MP: 2/2
   267 | D:1      | Reached XP level 3. HP: 25/29 MP: 3/3
   801 | D:2      | Found an ancient bone altar of Kikubaaqudgha.
   801 | D:2      | Found a white marble altar of Elyvilon.
   997 | D:3      | Found a shimmering altar of Xom.
   998 | D:3      | Found a bloodstained altar of Trog.
   998 | D:3      | Found an iron altar of Okawaru.
  1004 | D:3      | Became a worshipper of Warmaster Okawaru
  1141 | D:3      | Reached skill level 1 in Dodging
  1141 | D:3      | Reached XP level 4. HP: 33/35 MP: 4/4
  1178 | D:3      | Found a shattered altar of Ashenzari.
  1793 | D:3      | Reached XP level 5. HP: 5/41 MP: 5/5
  2398 | D:4      | Noticed zilverxoul's ghost (amateur HOFi)
  3331 | D:4      | Reached XP level 6. HP: 28/48 MP: 6/6
  3563 | D:4      | Slain by a centaur

Skill      XL: |  1  2  3  4  5 |
---------------+----------------+-----
Shields        | 4 |  4.8
Armour         | 4 |  4.9
Dodging        | 1 2 |  2.4
Fighting       | |  3.9
Axes           | |  2.8

Action                   |  1- 3 |  4- 6 || total
-------------------------+-------+-------++-------
Melee: War axe           |    99 |   218 ||   317
  Use: Potion            |       |     1 ||     1
  Eat: Chunk             |     1 |     8 ||     9
Armor: Scale mail        |    53 |       ||    53
       Chain mail        |    19 |   103 ||   122
Dodge: Dodged            |    41 |    59 ||   100
Block: Shield            |    65 |   114 ||   179
